 Dungeon Crawl Stone Soup version 0.25-a0-201-g0bb11aece9 (webtiles) character file.

Game seed: 149919024339298078, levelgen mode: deterministic

35 MisterFreud the Charlatan (level 3, -2/26 HPs)
             Began as an Octopode Artificer on Dec 2, 2019.
             Hit by a stone thrown by something (3 damage)
             ... on level 2 of the Dungeon.
             The game lasted 00:01:34 (1221 turns).

MisterFreud the Charlatan (Octopode Artificer)      Turns: 1221, Time: 00:01:34

Health: -2/26      AC:  1    Str: 11    XL:     3   Next: 35%
Magic:  5/5        EV: 17    Int: 14    God:
Gold:   92         SH:  0    Dex: 17    Spells: 2/2 levels left

rFire    . . .     SeeInvis .   a - +0 short sword
rCold    . . .     Gourm    .   (no shield)
rNeg     + . .     Faith    .   (helmet restricted)
rPois    .         Spirit   .   (no amulet)
rElec    .         Reflect  .   e - ring of positive energy
rCorr    .         Harm     .   (no ring)
MR       .....                  (no ring)
Stlth    ++++......             (no ring)
HPRegen  0.08/turn              (no ring)
MPRegen  0.09/turn              (no ring)
                                (no ring)
                                (no ring)

@: agile, lethally poisoned (-2 -> -3), heavily drained
A: almost no armour, stealthy swim, amphibious, 8 rings, constrict 8, camouflage
1, gelatinous body 1
a: no special abilities


You were on level 2 of the Dungeon.
You were not hungry.

You visited 1 branch of the dungeon, and saw 2 of its levels.

You collected 92 gold pieces.

Inventory:

Hand Weapons
 a - a +0 short sword (weapon)
Missiles
 h - 50 stones (quivered)
 j - 8 poisoned darts
 k - 44 bolts
 m - 2 throwing nets
Jewellery
 e - a ring of positive energy (left tentacle)
Wands
 b - a wand of flame (15)
 c - a wand of enslavement (15)
 d - a wand of random effects (15)
Comestibles
 f - 3 rations


   Skills:
 + Level 3.2(1.8) Fighting
 - Level 1.0(0.0) Short Blades
 - Level 2.0(0.7) Dodging
 - Level 1.3(0.1) Stealth
 - Level 3.2(1.9) Evocations


You had 2 spell levels left.
You didn't know any spells.
Your spell library was empty.

Dungeon Overview and Level Annotations

Branches:
Dungeon (2/15)

Altars:
The Shining One


Innate Abilities, Weirdness & Mutations

You cannot wear most types of armour.
You are very stealthy in the water. (Stealth+)
You are amphibious.
You can wear up to eight rings at the same time.
You can use your tentacles to constrict eight enemies at once.
Your skin changes colour to match your surroundings (Stealth+).
Your rubbery body absorbs attacks. (AC +1, EV +1)


Message History

You feel sick.
A stone appears from out of thin air!
The stone hits you. Something hits you.
Items here: ( ) †† a +0 dagger; a stone; a frilled lizard corpse; an adder corpse Butcher a frilled lizard corpse? [(y)es/(n)o/(a)ll/(q)uit/?]
You butcher the frilled lizard corpse.
Something hits you.
You stop butchering the corpse.
* * * LOW HITPOINT WARNING * * *
Unknown command.
You start resting.
Something hits you.
* * * LOW HITPOINT WARNING * * *
* * * LOW HITPOINT WARNING * * *
You feel sick.
You see here 2 stones.
It was a potion of agility.
You feel agile all of a sudden.
A stone appears from out of thin air!
The stone barely misses you.
A stone appears from out of thin air!
The stone closely misses you.
A stone appears from out of thin air!
The stone hits you.
You die...

#### #.. #.#.#
##########.#.#
#.(........#.#
#..###'###.#)# ######..#
#.# #.#.#
.......@###.###...#
#######.'.._..+...#
#(#######...# ##)# ###
#.#.## #.(#######....#
#.............##
.......%........#...####
.....................>..
......##.##..####.#.#...


There were no monsters in sight!

Vanquished Creatures
  An adder (D:2)
  A leopard gecko (D:1)
  2 bats (D:2)
  4 hobgoblins
  6 jackals (D:2)
  4 frilled lizards
  2 goblins (D:1)
  2 kobolds
  3 rats (D:1)
25 creatures vanquished.

Notes
Turn   | Place    | Note
-------+----------+-------------------------------------------
     0 | D:1      | MisterFreud the Octopode Artificer began the quest for the
                  | Orb.
     0 | D:1      | Reached XP level 1. HP: 13/13 MP: 3/3
   402 | D:1      | Reached XP level 2. HP: 17/19 MP: 4/4
  1098 | D:2      | Reached XP level 3. HP: 21/25 MP: 5/5
  1190 | D:2      | Found a glowing golden altar of the Shining One.
  1218 | D:2      | HP: 1/26 [poisoned by an adder]
  1221 | D:2      | Hit by a stone thrown by something

Levels and vault maps discovered:
D:1:      lemuel_arrival_river_ford, layout_basic, minivault_5, hex_large
D:2:      layout_basic, xom_teletrap_fun, lemuel_doored_altar,
          chequers_ecumenical_altar_simple, minmay_parallelograms, minmay_tall_x

Skill      XL: |  1  2  3 |
---------------+----------+-----
Fighting       | 2 3 |  3.2
Short Blades   | |  1.0
Dodging        | |  2.0
Stealth        | |  1.3
Evocations     | |  3.2

Action                   || total
-------------------------++-------
Melee: Short sword       ||    46
       Constrict         ||    12
       Tentacles         ||     5
  Use: Scroll            ||     2
       Potion            ||     1
 Stab: Sleeping          ||     2
  Eat: Chunk             ||     1
Armor: Skin              ||     8
Dodge: Dodged            ||    32

Table legend:
 A = Non-vault XP
 B = Vault XP
 C = Vault XP percentage of total XP
 D = Non-vault monster count
 E = Vault monster count
 F = Vault count percentage of total count
                 A         B        C        D         E       F
            +---------+---------+-------+---------+---------+-------
      Total |      34 |      17 |  33.3 |      21 |       4 |  16.0
            +---------+---------+-------+---------+---------+-------
        D:1 |      19 |       0 |   0.0 |      13 |       0 |   0.0
        D:2 |      15 |      17 |  53.1 |       8 |       4 |  33.3
            +---------+---------+-------+---------+---------+-------
